Map: Acid Plant LE

Players

Elazer

  • Race: Zerg Zerg
  • Spawn Location: 11:00

Neeb - Winner!

  • Race: Protoss Protoss
  • Spawn Location: 5:00

Event: WCS Leipzig 2018

VOD

Have the link to the VOD?

Description

Time

  • Played on: Jan. 27, 2018, 10:50 a.m.
  • Length: 10:44

All games in this series

Show
View Real Time Build Order
Export as new Build Order

Elazer Zerg 

Build Orders: Hatch First, Lurkers 

Get SALT Encoding   

  12  0:00  Drone  
  13  0:11  Overlord  
  13  0:16  Drone  
  14  0:30  Drone x2  
  16  0:48  Hatchery  
  15  0:51  Drone  
  15  0:55  Drone  
  17  0:59  Drone  
  18  1:09  Extractor  
  17  1:13  Spawning Pool  
  17  1:16  Drone  
  17  1:19  Drone  
  18  1:28  Drone  
  19  1:38  Drone  
  20  1:49  Overlord  
  20  1:59  Queen  
  20  2:00  Zergling x4, Queen  
  26  2:09  Metabolic Boost  
  26  2:10  Drone  
  26  2:11  Drone  
  28  2:22  Drone x2  
  30  2:33  Hatchery  
  30  2:36  Drone  
  30  2:38  Drone  
  31  2:46  Queen  
  31  2:50  Overlord  
  33  2:54  Drone  
  33  2:55  Drone  
  33  2:57  Zergling x2  
  36  3:08  Zergling x2  
  36  3:11  Drone x2  
  39  3:13  Drone x2  
  39  3:17  Overlord  
  39  3:19  Drone  
  42  3:21  Queen  
  44  3:31  Spore Crawler  
  44  3:32  Drone  
  44  3:35  Drone  
  44  3:37  Drone  
  44  3:38  Spore Crawler  
  44  3:39  Drone  
  44  3:40  Drone x2  
  48  3:44  Lair  
  48  3:50  Drone  
  49  3:56  Drone x2  
  49  4:00  Drone  
  49  4:01  Drone, Overlord  
  53  4:06  Extractor  
  53  4:07  Drone x2, Extractor  
  53  4:10  Drone  
  53  4:12  Spore Crawler  
  53  4:13  Overlord  
  53  4:14  Drone x2  
  53  4:16  Drone  
  56  4:19  Overlord  
  56  4:21  Drone  
  57  4:28  Overlord  
  57  4:29  Zergling x2  
  57  4:30  Zergling x6  
  61  4:35  Extractor  
  61  4:36  Overlord  
  61  4:38  Drone x3  
  62  4:40  Drone  
  62  4:44  Drone x2  
  62  4:45  Drone  
  66  4:49  Overlord  
  66  4:54  Overlord  
  66  4:56  Drone x2  
  66  4:59  Hydralisk Den  
  67  5:00  Zergling x2  
  67  5:01  Zergling x2  
  69  5:10  Spore Crawler  
  69  5:13  Zergling x4  
  69  5:14  Zergling x4, Overlord  
  71  5:15  Drone x2  
  71  5:19  Drone  
  71  5:20  Drone  
  71  5:26  Overlord  
  71  5:28  Drone x2  
  73  5:31  Muscular Augments  
  73  5:33  Hydralisk  
  75  5:38  Hydralisk x2  
  79  5:43  Hydralisk  
  79  5:45  Drone x2  
  79  5:46  Drone  
  79  5:49  Overlord  
  83  5:50  Drone  
  83  5:52  Drone  
  83  5:53  Drone  
  83  5:55  Drone x2  
  88  5:58  Drone x2  
  88  6:00  Drone  
  88  6:01  Drone  
  92  6:07  Overlord  
  92  6:09  Extractor  
  92  6:10  Extractor  
  92  6:11  Drone x2  
  92  6:12  Lurker Den  
  91  6:19  Overlord  
  91  6:20  Hydralisk x2  
  91  6:24  Hydralisk x2  
  99  6:27  Drone x2  
  99  6:28  Drone  
  99  6:30  Overlord  
  100  6:35  Hydralisk x2  
  87  6:44  Hydralisk x3  
  87  6:50  Hydralisk x2  
  89  6:58  Drone x6  
  89  7:00  Drone  
  96  7:04  Drone x3  
  96  7:06  Drone x2  
  101  7:12  Overlord  
  101  7:15  Drone x2  
  103  7:18  Overseer  
  103  7:20  Hydralisk x2  
  107  7:27  Overlord  
  107  7:30  Hydralisk  
  107  7:31  Hydralisk  
  107  7:33  Zergling x2  
  107  7:36  Extractor, Hydralisk  
  111  7:37  Hydralisk x3  
  119  7:50  Pneumatized Carapace, Hydralisk x3  
  125  7:54  Zergling x4  
  125  7:55  Zergling x2, Hatchery  
  127  8:01  Hydralisk, Overlord, Evolution Chamber  
  127  8:02  Hydralisk  
  129  8:10  Overlord  
  129  8:14  Overlord  
  129  8:16  Hydralisk x3  
  135  8:27  Zerg Missile Weapons Level 1  
  135  8:28  Hydralisk x3  
  135  8:34  Zergling x10  
  144  8:39  Lurker x2  
  144  8:40  Zergling x4  
  150  8:50  Zergling x2  
  150  8:51  Zergling x4  
  156  8:56  Lurker  
  156  8:57  Lurker x2  
  156  9:04  Hatchery  
  156  9:07  Lurker  
  156  9:08  Lurker x2  
  157  9:18  Lurker  
  157  9:19  Lurker  
  157  9:21  Hydralisk  
  160  9:26  Hydralisk  
  160  9:30  Zergling x16  
  168  9:34  Hydralisk  
  167  9:40  Hydralisk  
  167  9:41  Hydralisk  
  171  9:46  Lurker  
  172  9:55  Hydralisk  
  172  9:56  Hydralisk  
  170  10:09  Hydralisk  
  170  10:10  Hydralisk x3  
  146  10:14  Hydralisk  
  146  10:16  Zergling x14  
  146  10:17  Zergling x4  
Show
View Real Time Build Order
Export as new Build Order

Neeb Protoss - Winner!

Build Orders: 1 Gate Expand, Oracle Opening, Archon Immortal 

Get SALT Encoding   

  12  0:00  Probe  
  13  0:12  Probe  
  14  0:20  Pylon  
  14  0:24  Probe  
  15  0:34  Assimilator  
  15  0:38  Probe (Chrono Boost)  
  16  0:45  Gateway  
  16  0:50  Probe (Chrono Boost)  
  17  0:59  Probe (Chrono Boost)  
  18  1:04  Probe  
  19  1:16  Probe  
  20  1:23  Nexus  
  20  1:35  Probe  
  20  1:38  Cybernetics Core  
  21  1:42  Assimilator  
  22  1:47  Probe  
  22  1:50  Pylon  
  22  1:59  Probe (Chrono Boost)  
  23  2:11  Probe (Chrono Boost)  
  23  2:14  Adept (Chrono Boost), Stargate  
  24  2:19  Probe (Chrono Boost)  
  27  2:23  Warp Gate  
  27  2:25  Probe  
  28  2:32  Adept (Chrono Boost)  
  28  2:36  Probe  
  31  2:37  Probe  
  32  2:48  Probe  
  32  2:49  Probe  
  32  2:50  Adept (Chrono Boost)  
  36  2:59  Oracle (Chrono Boost)  
  36  3:00  Probe  
  36  3:01  Probe  
  41  3:10  Pylon  
  41  3:12  Probe  
  42  3:13  Probe  
  43  3:22  Gateway  
  43  3:24  Probe  
  43  3:25  Gateway  
  43  3:26  Probe  
  45  3:30  Oracle (Chrono Boost)  
  48  3:36  Probe  
  48  3:38  Probe  
  48  3:40  Pylon  
  50  3:47  Assimilator  
  50  3:48  Probe  
  50  3:50  Probe, Assimilator  
  52  4:00  Probe  
  52  4:02  Probe  
  54  4:05  Phoenix (Chrono Boost)  
  54  4:09  Twilight Council  
  56  4:12  Probe  
  56  4:14  Probe  
  58  4:20  Pylon  
  58  4:24  Probe  
  58  4:25  Adept  
  58  4:26  Probe  
  58  4:30  Pylon  
  62  4:36  Nexus  
  62  4:38  Probe x2  
  63  4:44  Adept  
  66  4:46  Resonating Glaives (Chrono Boost)  
  66  4:49  Adept  
  66  4:51  Shield Battery  
  68  4:55  Adept  
  68  4:56  Probe  
  68  4:58  Probe  
  72  5:08  Probe  
  72  5:10  Probe  
  72  5:11  Robotics Facility  
  74  5:19  Adept x2  
  78  5:31  Pylon  
  78  5:32  Pylon  
  78  5:35  Pylon  
  78  5:48  Adept x3, Probe x2, Pylon  
  78  5:49  Probe  
  87  6:00  Probe x2  
  87  6:01  Probe  
  88  6:09  Sentry  
  88  6:10  Sentry x2  
  88  6:11  Observer (Chrono Boost)  
  95  6:12  Probe x2  
  95  6:13  Probe, Robotics Bay  
  98  6:23  Immortal (Chrono Boost), Pylon  
  98  6:24  Probe x2  
  104  6:25  Probe  
  105  6:36  Probe x2  
  105  6:37  Probe  
  105  6:38  Sentry x2  
  102  6:40  Adept  
  102  6:42  Assimilator  
  102  6:43  Gateway  
  102  6:45  Gateway  
  102  6:46  Assimilator  
  96  6:47  Gateway  
  96  6:49  Forge  
  92  6:56  Probe x2  
  92  6:57  Probe  
  92  6:58  Immortal (Chrono Boost)  
  99  7:04  Shield Battery, Sentry  
  99  7:05  Adept  
  99  7:06  Adept, Shield Battery  
  105  7:15  Pylon  
  105  7:16  Pylon  
  105  7:19  Protoss Ground Weapons Level 1 (Chrono Boost)  
  105  7:20  Charge  
  105  7:25  Colossus (Chrono Boost)  
  105  7:27  Pylon  
  105  7:29  Templar Archives  
  111  7:30  Zealot x3  
  117  7:48  Gateway  
  117  7:49  Gateway  
  117  7:54  Robotics Facility  
  117  8:03  Immortal (Chrono Boost)  
  117  8:09  Stalker x5  
  131  8:15  Nexus  
  131  8:16  Pylon  
  131  8:26  Zealot  
  133  8:28  Pylon, Photon Cannon  
  133  8:35  Immortal (Chrono Boost)  
  133  8:38  Probe x3  
  140  8:41  Adept x2  
  144  8:48  Immortal (Chrono Boost)  
  139  8:56  High Templar x2  
  139  8:57  High Templar x2  
  139  9:02  Archon  
  147  9:07  Immortal (Chrono Boost), Archon  
  147  9:08  Photon Cannon  
  147  9:09  Photon Cannon  
  151  9:12  Photon Cannon  
  151  9:16  Zealot  
  153  9:22  Zealot  
  155  9:26  Observer  
  155  9:29  Stalker x2  
  155  9:30  Stalker x2  
  164  9:33  Probe x2  
  166  9:43  High Templar x2, Zealot  
  166  9:44  Zealot  
  174  9:47  Immortal  
  174  9:50  Archon  
  178  10:05  Zealot  
  178  10:06  Zealot x2  
  173  10:15  Probe x2  
  173  10:19  Zealot x5  
  170  10:30  Probe x2  
  170  10:33  Stalker x2  
  164  10:42  Assimilator x2, Pylon  
Tags
 
Add a new tag
Caveats
  • Supply blocks, unpowered buildings, or Contaminate may cause inaccurate times.
  • Supply counts are checked every 10 seconds.